 Dungeon Crawl Stone Soup version 0.28.0-53-g5a82cb258f (webtiles) character file.

Game seed: 10660644159049860055

37 firemarshallily the Ducker (level 3, 0/28 HPs)
             Began as a Demonspawn Gladiator on June 12, 2022.
             Succumbed to an adder's poison
             ... on level 2 of the Dungeon.
             The game lasted 00:03:51 (1622 turns).

firemarshallily the Ducker (Demonspawn Gladiator)   Turns: 1622, Time: 00:03:52

Health: 0/28       AC:  5    Str: 13 (16) XL:     3   Next: 21%
Magic:  3/3        EV: 12    Int:  6 (9)  God:
Gold:   67         SH:  0    Dex: 12 (14) Spells: 2/2 levels left

rFire   . . .      SeeInvis .   a - +0 long sword
rCold   . . .      Faith    .   (no shield)
rNeg    . . .      Spirit   .   b - +0 leather armour
rPois   .          Reflect  .   c - +0 helmet
rElec   .          Harm     .   e - +0 cloak
rCorr   .          Rampage  .   (no gloves)
Will    .....                   (no boots)
Stlth   +.........              (no amulet)
HPRegen 0.09/turn               (no ring)
MPRegen 0.08/turn               (no ring)

@: lethally poisoned (0 -> -9)
A: claws 1
a: no special abilities


You were on level 2 of the Dungeon.
You visited 1 branch of the dungeon, and saw 2 of its levels.

You collected 67 gold pieces.

Inventory:

Hand Weapons
 a - a +0 long sword (weapon)
Missiles
 d - 3 throwing nets (quivered)
 f - 13 stones
 g - 7 poisoned darts
Armour
 b - a +0 leather armour (worn)
 c - a +0 helmet (worn)
 e - a +0 cloak (worn)
Scrolls
 i - 2 scrolls of fog {unknown}


   Skills:
 + Level 2.5 Fighting
 + Level 3.0 Long Blades
 - Level 2.0 Throwing
 + Level 1.0 Armour
 - Level 3.0 Dodging


You had 2 spell levels left.
You didn't know any spells.
Your spell library contained the following spells:

 Spells                   Type           Power      Damage    Failure   Level
 Freeze                   Ice            0%         1d3       54%         1
 Frozen Ramparts          Ice            0%         1d2       88%         3
 Hailstorm                Conj/Ice       0%         3d3       99%         4


Dungeon Overview and Level Annotations

Branches:
Dungeon (2/15)

Altars:

Shops:
D:2 :


Innate Abilities, Weirdness & Mutations

You have sharp fingernails.


Message History

An adder comes into view.
An adder is nearby!
Things that are here:
a hobgoblin corpse; a hobgoblin corpse The adder hisses angrily.
You barely miss the adder. The adder bites you.
You are poisoned.
The adder poisons you! The adder bites you but does no damage.
You hit the adder.
The adder is heavily wounded.
You feel sick. The adder bites you.
You are more poisoned.
The adder poisons you! The adder barely misses you.
You miss the adder.
The adder is heavily wounded.
You feel very sick. The adder barely misses you. The adder bites you.
You are more poisoned.
The adder poisons you!
You hit the adder.
The adder is severely wounded.
You feel very sick. The adder bites you.
You are more poisoned.
The adder poisons you!
You miss the adder.
The adder is severely wounded.
* * * LOW HITPOINT WARNING * * *
You feel very sick. The adder bites you but does no damage.
The adder bites you.
* * * LOW HITPOINT WARNING * * *
You miss the adder.
The adder is severely wounded.
* * * LOW HITPOINT WARNING * * *
You feel very sick. The adder barely misses you. x2
It was a potion of degeneration.
There was something very wrong with that liquid.
You feel weakened.
You feel dopey.
You feel clumsy.
You die...

..........#
....#.#########
###.#..........
#.#.############
#.#.........†..#
#.############.#
... #.# #.# #@#
#######S##
.........#
#######..# #..#
#..# #....
.#.##.# . <. #


You could see an adder.

Vanquished Creatures
  2 dart slugs (D:1)
  2 endoplasms (D:1)
  3 giant cockroaches
  A goblin (D:1)
  8 hobgoblins
  4 ball pythons
  2 frilled lizards
  4 kobolds (D:1)
  4 rats
30 creatures vanquished.

Notes
Turn   | Place    | Note
-------+----------+-------------------------------------------
     0 | D:1      | firemarshallily the Demonspawn Gladiator began the quest
                  | for the Orb.
     0 | D:1      | Reached XP level 1. HP: 16/16 MP: 1/1
   509 | D:1      | Gained mutation: You have sharp fingernails. [demonic
                  | ancestry]
   509 | D:1      | Reached XP level 2. HP: 22/22 MP: 2/2
  1484 | D:2      | Found Diserimp's Book Shoppe.
  1487 | D:2      | Reached XP level 3. HP: 28/28 MP: 3/3
  1583 | D:2      | Reached skill level 1 in Armour
  1622 | D:2      | Succumbed to an adder's poison

Illustrated notes

Levels and vault maps discovered:
D:1:      heliophobic_arrival_glass_houses, layout_loops_corners
D:2:      layout_basic, basic_altar, serial_shops, nicolae_shop_trees

Skill      XL: |  1  2  3 |
---------------+----------+-----
Throwing       | 2 |  2.0
Dodging        | 3 |  3.0
Long Blades    | 3 |  3.0
Armour         | 1 |  1.0
Fighting       | |  2.5

Action                   || total
-------------------------++-------
Melee: Long sword        ||    85
  Use: Potion            ||     1
Armor: Leather armour    ||    26
Dodge: Dodged            ||    55
